 Dungeon Crawl Stone Soup version 0.16.1-29-g3e760ad (webtiles) character file.

7398 gornard the Thaumaturge (level 11, -13/79 HPs)
             Began as a Merfolk Ice Elementalist on June 3, 2015.
             Was a Believer of Zin.
             Mangled by Snorg (22 damage)
             ... on level 3 of the Lair of Beasts on June 9, 2015.
             The game lasted 02:06:22 (16685 turns).

gornard the Thaumaturge (Merfolk Ice Elementalist) Turns: 16685, Time: 02:06:23

Health: -13/79     AC: 13    Str: 10    XL:     11   Next: 14%
Magic:  20/28      EV: 18    Int: 18    God:    Zin [**....]
Gold:   349        SH:  0    Dex: 16    Spells: 5 memorised, 14 levels left

rFire  . . .     SeeInvis .     y - +1 trident
rCold  + . .     Clarity  .     a - +2 robe
rNeg   . . .     SustAb   .     (no shield)
rPois  ∞         Gourm    +     (no helmet)
rElec  .         Spirit   .     (no cloak)
rCorr  .         Warding  .     n - +0 pair of gloves
rMut   .         Stasis   .     c - +0 pair of boots "Vamiebef" {+Fly rC+}
MR     .....                    j - amulet of the gourmand
Stlth  ++........               F - ring of wizardry
                                z - +1 ring of evasion

@: icy armour, vitalised, not resistant to hostile enchantments, unstealthy
A: change form in water, swift swim
a: Recite, Vitalisation, Renounce Religion, Evoke Flight


You were on level 3 of the Lair of Beasts.
You worshipped Zin.
Zin was pleased with you.
You were not hungry.

You visited 2 branches of the dungeon, and saw 10 of its levels.

You collected 387 gold pieces.
You donated 38 gold pieces to Zin.

Inventory:

Hand weapons
 d - a cursed -3 whip
 e - a +1 club
 f - a +0 hunting sling
 r - a +0 blowgun
 y - a +1 trident (weapon)
Missiles
 s - 26 poisoned needles
 A - 4 needles of confusion
 L - 22 exploding sling bullets
Armour
 a - a +2 robe (worn)
 c - the +0 pair of boots "Vamiebef" (worn) {+Fly rC+}
   (You found it on level 8 of the Dungeon)

   It protects you from cold.
   It lets you fly.
 n - a +0 pair of gloves (worn)
 G - a +0 ring mail of cold resistance
Jewellery
 j - an amulet of the gourmand (around neck)
 k - an uncursed amulet of rage
 w - an uncursed amulet of resist mutation
 z - a +1 ring of evasion (left hand)
 F - a ring of wizardry (right hand)
Magical devices
 l - a wand of enslavement (11)
 x - a wand of fire (6)
 E - a wand of lightning (2)
Scrolls
 m - a scroll of fog {unknown}
 u - a scroll of random uselessness
 v - a scroll of identify
 D - 2 scrolls of enchant armour
 H - a scroll of recharging {unknown}
 J - a scroll of magic mapping {unknown}
 K - a scroll of silence {unknown}
 N - a scroll of brand weapon {unknown}
Potions
 g - 4 potions of agility
 h - 2 potions of invisibility {unknown}
 i - a potion of magic {unknown}
 p - 2 potions of haste {unknown}
 B - 3 potions of curing
 C - a potion of lignification {unknown}
 I - a potion of might {unknown}
Books
 b - a book of Frost

   Spells                             Type                      Level
   a - Freeze                         Ice                          1
   b - Throw Frost                    Conjuration/Ice              2
   c - Ozocubu's Armour               Charms/Ice                   3
   d - Throw Icicle                   Conjuration/Ice              4
   e - Summon Ice Beast               Ice/Summoning                4
   f - Condensation Shield            Ice                          4
 t - a book of Death

   Spells                             Type                      Level
   a - Corpse Rot                     Necromancy                   2
   b - Sublimation of Blood           Necromancy                   2
   c - Agony                          Necromancy                   5
   d - Dispel Undead                  Necromancy                   5
   e - Excruciating Wounds            Charms/Necromancy            5
   f - Bolt of Draining               Conjuration/Necromancy       5
   Zin opposes the use of such an evil item.
Comestibles
 o - 2 beef jerkies
 q - a slice of pizza
 M - a bread ration


   Skills:
 + Level 5.0 Fighting
 + Level 7.0 Polearms
 + Level 3.7 Armour
 + Level 7.3 Dodging
 - Level 2.1 Stealth
 * Level 9.2 Spellcasting
 + Level 3.7 Conjurations
 + Level 3.6 Summonings
 + Level 8.6 Ice Magic


You had 14 spell levels left.
You knew the following spells:

 Your Spells              Type           Power        Failure   Level  Hunger
a - Freeze                Ice            ####         1%          1    None
b - Throw Frost           Conj/Ice       ####..       1%          2    None
c - Ozocubu's Armour      Chrm/Ice       ###.....     1%          3    None
d - Summon Ice Beast      Ice/Summ       ####....     4%          4    ###....
e - Throw Icicle          Conj/Ice       ####....     3%          4    ###....


Dungeon Overview and Level Annotations

Branches:
Dungeon (8/15)             Temple (0/1) D:7            Lair (3/8) D:8
  Swamp: Lair:3-6    Shoals: Lair:3-6     Snake: Lair:3-6    Spider: Lair:3-6

Altars:
Cheibriados
Elyvilon
Gozag
Ru
Xom
Zin

Annotations:
D:4 Menkaure, Natasha
D:8 1 exclusion
Lair:3 Snorg


Message History

Snorg misses you. Snorg claws you! Snorg closely misses you.
The yak gores you but does no damage. The yak barely misses you.
Your ice beast hits Snorg.
Your ice beast freezes Snorg!
Snorg bites your ice beast! Snorg barely misses your ice beast.
Snorg closely misses your ice beast.
You swap places.
The yak gores your ice beast! The yak gores your ice beast.
Your ice beast dies!
The yak gores you but does no damage. Snorg bites you! Snorg claws you.
* * * LOW HITPOINT WARNING * * *
Snorg claws you.
* * * LOW HITPOINT WARNING * * *
Snorg misses you. Snorg closely misses you. Snorg claws you.
* * * LOW HITPOINT WARNING * * *
There is a stone staircase leading up, spattered with blood here.
Snorg bites you.
* * * LOW HITPOINT WARNING * * *
Snorg misses you. Snorg closely misses you.
The yak gores you but does no damage. The yak completely misses you.
Snorg bites you!!
You die...

.. ... #...# P..# .
###..# ...
#####.P.##
r.....#...TY...###
.......r.YY@.....#
.####.#P#r##......#
# ##### .......
...#.#. ...# # ..#.
.#### .# .


You could see Snorg (berserk), 3 yaks and 2 river rats.

Vanquished Creatures
  An elephant (Lair:2)
  A spiny frog (Lair:1)
  2 komodo dragons (Lair:2)
  Prince Ribbit (D:7)
  A basilisk (Lair:1)
  4 blink frogs
  3 yaks
  A wolf (Lair:2)
  Edmund (D:7)
  3 hippogriffs
  4 porcupines
  2 sky beasts
  A water moccasin (Lair:2)
  A centaur (D:5)
  An ogre (D:4)
  6 crocodiles
  8 giant frogs
  A scorpion (D:8)
  3 wights (D:8)
  3 crimson imps
  5 orc wizards (D:5)
  2 giant frog skeletons
  6 hounds
  3 orc priests
  Natasha (D:4)
  10 iguanas
  A hell rat (Lair:2)
  4 worker ants
  Ijyb (D:5)
  A hound skeleton (D:7)
  12 adders
  21 river rats
  2 giant mites
  A shadow imp (D:7)
  2 worms (D:2)
  An adder skeleton (D:7)
  4 giant geckos
  12 orcs
  3 giant cockroaches
  14 hobgoblins
  4 jackals (D:1)
  11 kobolds
  7 quokkas
  2 ball pythons
  17 bats
  7 giant newts
  7 goblins
  A quokka zombie (D:5)
  16 rats
226 creatures vanquished.

Vanquished Creatures (collateral kills)
  A komodo dragon (Lair:1)
  A blink frog (Lair:2)
  5 yaks
  A hungry ghost (D:8)
  A hippogriff (D:8)
  A wolf (Lair:1)
  A porcupine (Lair:1)
  3 ogres (D:8)
  A crocodile (Lair:2)
  A giant frog (D:8)
  A wight (D:8)
  A goliath beetle (D:8)
  A centaur skeleton (D:7)
  2 river rats (Lair:2)
  A bat skeleton (D:8)
22 creatures vanquished.

Vanquished Creatures (others)
  16 ice beasts
  An adder (D:2)
17 creatures vanquished.

Grand Total: 265 creatures vanquished

Notes
Turn   | Place    | Note
--------------------------------------------------------------
     0 | D:1      | gornard, the Merfolk Ice Elementalist, began the quest for the Orb.
     0 | D:1      | Reached XP level 1. HP: 13/13 MP: 3/3
   254 | D:1      | Reached XP level 2. HP: 17/19 MP: 1/4
   295 | D:1      | Learned a level 2 spell: Throw Frost
  1218 | D:2      | Reached XP level 3. HP: 17/24 MP: 1/6
  1305 | D:2      | Learned a level 3 spell: Ozocubu's Armour
  1527 | D:2      | Found a shimmering altar of Xom.
  1527 | D:2      | Noticed an angel
  1542 | D:2      | Reached skill level 4 in Ice Magic
  1597 | D:2      | Found a glowing silver altar of Zin.
  1615 | D:2      | Became a worshipper of Zin the Law-Giver
  2075 | D:2      | Reached XP level 4. HP: 30/30 MP: 6/9
  3122 | D:3      | Found a white marble altar of Elyvilon.
  3711 | D:4      | Acquired Zin's first power
  3729 | D:4      | Noticed an ogre
  3750 | D:4      | Killed an ogre
  3750 | D:4      | Reached skill level 5 in Ice Magic
  3750 | D:4      | Reached XP level 5. HP: 11/35 MP: 0/13
  4039 | D:4      | Noticed Menkaure
  4712 | D:4      | Noticed Natasha
  4717 | D:4      | Killed Natasha
  4717 | D:4      | Reached XP level 6. HP: 41/41 MP: 8/15
  4759 | D:4      | Noticed Natasha
  5065 | D:4      | Found an opulent altar of Gozag.
  5066 | D:4      | Found a snail-covered altar of Cheibriados.
  5068 | D:4      | Found a sacrificial altar of Ru.
  5180 | D:5      | Entered Level 5 of the Dungeon
  5282 | D:5      | Reached skill level 5 in Spellcasting
  5845 | D:5      | Reached XP level 7. HP: 22/46 MP: 11/19
  6102 | D:5      | Reached skill level 6 in Spellcasting
  6381 | D:5      | Noticed Ijyb
  6388 | D:5      | Killed Ijyb
  6640 | D:5      | Reached XP level 8. HP: 27/52 MP: 19/22
  6809 | D:5      | You fall through a shaft for 2 floors!
  6977 | D:7      | Reached skill level 1 in Polearms
  7254 | D:7      | Found a staircase to the Ecumenical Temple.
  7318 | D:7      | Reached skill level 1 in Fighting
  7424 | D:7      | Reached skill level 1 in Armour
  7424 | D:7      | Reached skill level 7 in Spellcasting
  7547 | D:7      | Noticed Prince Ribbit
  7560 | D:7      | Killed Prince Ribbit
  7842 | D:7      | Learned a level 4 spell: Summon Ice Beast
  8129 | D:7      | Noticed Edmund
  8157 | D:7      | Killed Edmund
  8395 | D:7      | Acquired Zin's second power
  8497 | D:8      | Learned a level 4 spell: Throw Icicle
  8524 | D:8      | Found a staircase to the Lair.
  8613 | D:8      | Reached XP level 9. HP: 46/62 MP: 18/24
  8998 | D:8      | Reached skill level 1 in Conjurations
  8998 | D:8      | Reached skill level 1 in Summonings
  9587 | D:8      | Got a pair of scorched boots
  9593 | D:8      | Identified the +0 pair of boots "Vamiebef" {+Fly rC+} (You found it on level 8 of the Dungeon)
 10737 | D:8      | Reached skill level 5 in Dodging
 11031 | Lair:1   | Entered Level 1 of the Lair of Beasts
 11031 | Lair:1   | Noticed a komodo dragon
 11048 | Lair:1   | Killed a komodo dragon
 11243 | Lair:1   | Reached skill level 8 in Spellcasting
 12158 | Lair:1   | Reached skill level 5 in Polearms
 12158 | Lair:1   | Reached XP level 10. HP: 65/71 MP: 19/26
 13215 | Lair:1   | Upgraded the game from 0.16.1-28-gcc2312f to 0.16.1-29-g3e760ad
 14135 | Lair:2   | Reached skill level 9 in Spellcasting
 14966 | Lair:2   | Reached XP level 11. HP: 56/78 MP: 16/28
 15816 | Lair:2   | Reached skill level 5 in Fighting
 16667 | Lair:3   | Noticed Snorg
 16685 | Lair:3   | Mangled by Snorg

Action                   |  1- 3 |  4- 6 |  7- 9 | 10-12 || total
-------------------------+-------+-------+-------+-------++-------
Melee: Unarmed           |     2 |       |       |       ||     2
       Club              |    34 |    15 |    14 |       ||    63
       Trident           |       |       |   180 |   145 ||   325
 Cast: Freeze            |    42 |    93 |   130 |   135 ||   400
       Throw Frost       |    10 |     2 |    36 |    63 ||   111
       Ozocubu's Armour  |       |     5 |    28 |    24 ||    57
       Summon Ice Beast  |       |       |    15 |    25 ||    40
       Throw Icicle      |       |       |    25 |       ||    25
Invok: Recite            |       |     1 |       |       ||     1
       Vitalisation      |       |       |     1 |     3 ||     4
  Use: Scroll            |     2 |     6 |     3 |     3 ||    14
       Potion            |       |       |     1 |     2 ||     3
 Stab: Sleeping          |       |       |     4 |     3 ||     7
  Eat: Chunk             |     4 |     5 |     9 |     7 ||    25
       Fruit             |       |     2 |     1 |       ||     3
       Bread ration      |       |     2 |     3 |     2 ||     7
       Pizza             |       |       |     1 |     1 ||     2
       Meat ration       |       |       |     1 |       ||     1
       Beef jerky        |       |       |     1 |       ||     1
